 Dungeon Crawl Stone Soup version 0.23-a0-644-gb60d84b (webtiles) character file.

107 Borgoz the Skirmisher (level 4, 0/40 HPs)
             Began as a Hill Orc Abyssal Knight on Jan 1, 2019.
             Was a Believer of Lugonu.
             Slain by a gnoll
             ... wielding a +0 spear
              (8 damage)
             ... on level 3 of the Dungeon.
             The game lasted 00:02:58 (2371 turns).

Borgoz the Skirmisher (Hill Orc Abyssal Knight)     Turns: 2371, Time: 00:02:59

Health: 0/40       AC:  3    Str: 14    XL:     4   Next: 86%
Magic:  6/6        EV: 11    Int: 12    God:    Lugonu [**....]
Gold:   96         SH:  0    Dex: 11    Spells: 3/3 levels left

rFire    . . .     SeeInvis .   a - +1 hand axe
rCold    . . .     Gourm    .   (no shield)
rNeg     . . .     Faith    .   b - +0 leather armour
rPois    .         Spirit   .   (no helmet)
rElec    .         Reflect  .   (no cloak)
rCorr    .         Harm     .   (no gloves)
MR       .....                  (no boots)
Stlth    +.........             (no amulet)
HPRegen  0.13/turn              (no ring)
MPRegen  0.10/turn              (no ring)

@: no status effects
A: no striking features
a: Depart the Abyss, Bend Space, Renounce Religion


You were on level 3 of the Dungeon.
You worshipped Lugonu.
Lugonu was pleased with you.
You were not hungry.

You visited 1 branch of the dungeon, and saw 3 of its levels.
You visited the Abyss 1 time.

You collected 96 gold pieces.

Inventory:

Hand Weapons
 a - a +1 hand axe (weapon)
Armour
 b - a +0 leather armour (worn)
Jewellery
 k - a +1 ring of evasion {unknown}
Scrolls
 d - 4 scrolls of identify {unknown}
 h - a scroll of remove curse {unknown}
 j - a scroll of teleportation {unknown}
 m - a scroll of fog {unknown}
 n - a scroll of random uselessness {unknown}
 q - a scroll of enchant weapon {unknown}
Potions
 e - a potion of brilliance {unknown}
 f - 3 potions of curing
 g - a potion of ambrosia {unknown}
 i - a potion of lignification {unknown}
 l - a potion of haste {unknown}
 p - a potion of flight {unknown}
Comestibles
 c - 4 rations
 o - 4 chunks of flesh


   Skills:
 + Level 4.3 Fighting
 + Level 3.8 Axes
 + Level 3.0 Armour
 + Level 1.6 Dodging
 + Level 3.5 Invocations


You had 3 spell levels left.
You didn't know any spells.
Your spell library was empty.

Dungeon Overview and Level Annotations

Branches:
Dungeon (3/15)

Altars:

Annotations:
D:1 1 runed door


Message History

You closely miss the gnoll.
The gnoll hits you from afar with a +0 spear.
* * * LOW HITPOINT WARNING * * *
The gnoll hits you with a +0 whip.
* * * LOW HITPOINT WARNING * * *
The gnoll closely misses you.
It was a potion of curing.
You feel better. The gnoll misses you. The gnoll hits you with a +0 whip.
The gnoll hits you but does no damage.
You barely miss the gnoll.
The gnoll is almost dead.
You hit the gnoll but do no damage. The gnoll barely misses you.
The gnoll misses you. The gnoll closely misses you.
The gnoll hits you from afar with a +0 spear.
You hit the gnoll.
You kill the gnoll!
Lugonu accepts your kill.
You hit the gnoll. The gnoll hits you with a +0 whip.
* * * LOW HITPOINT WARNING * * *
The gnoll hits you from afar with a +0 spear!
You die...

#....#..#.##.....
##....#...........
..................
##....#..#.##..##
#..........†......
#....<............
#.#####.##.#...###
# ####...........
........@g.......
.#####.##r#.#####
.$?...g... #####
.#.# # ..... .#
### .# .#


You could see 2 gnolls and a rat.

Vanquished Creatures
  A gnoll (D:3)
  4 adders
  3 worms
  A dart slug (D:1)
  2 leopard geckos (D:1)
  4 bats
  A giant cockroach (D:2)
  5 goblins
  10 hobgoblins
  2 jackals (D:1)
  5 frilled lizards
  8 kobolds
  7 rats
53 creatures vanquished.

Notes
Turn   | Place    | Note
-------+----------+-------------------------------------------
     0 | Abyss:1  | Borgoz the Hill Orc Abyssal Knight began the quest for the
                  | Orb.
     0 | Abyss:1  | Reached XP level 1. HP: 19/19 MP: 2/2
    33 | Abyss:1  | Noticed a cyan very ugly thing
    34 | D:1      | Escaped the Abyss
    36 | D:1      | Found a runed door.
   111 | D:1      | Reached * piety under Lugonu
   277 | D:1      | Reached skill level 1 in Dodging
   277 | D:1      | Reached XP level 2. HP: 21/27 MP: 3/3
   758 | D:1      | Reached XP level 3. HP: 30/33 MP: 5/5
   949 | D:1      | Reached skill level 4 in Fighting
  1353 | D:2      | Reached ** piety under Lugonu
  1583 | D:2      | Reached XP level 4. HP: 38/40 MP: 6/6
  2371 | D:3      | Slain by a gnoll

Vault maps used:
D:1:      dpeg_arrival_caged_fury
D:3:      lemuel_round_altar, grunt_gozag_breadcrumbs, uniq_natasha
Abyss:1:  hangedman_abyss_shoalhut

Skill      XL: |  1  2  3  4 |
---------------+-------------+-----
Dodging        | 1 |  1.6
Axes           | 3 |  3.8
Fighting       | 4 |  4.3
Invocations    | 3 |  3.5
Armour         | 3 |  3.0

Action                   |  1- 3 |  4- 6 || total
-------------------------+-------+-------++-------
Melee: Hand axe          |   133 |    66 ||   199
Invok: Depart the Abyss  |     1 |       ||     1
  Use: Potion            |       |     1 ||     1
  Eat: Chunk             |     2 |     3 ||     5
Armor: Leather armour    |    43 |    18 ||    61
Dodge: Dodged            |   110 |    50 ||   160

Table legend:
 A = Non-vault XP
 B = Vault XP
 C = Vault XP percentage of total XP
 D = Non-vault monster count
 E = Vault monster count
 F = Vault count percentage of total count
                 A         B        C        D         E       F
            +---------+---------+-------+---------+---------+-------
      Total |     154 |       0 |   0.0 |      53 |       0 |   0.0
            +---------+---------+-------+---------+---------+-------
        D:1 |      41 |       0 |   0.0 |      23 |       0 |   0.0
        D:2 |      76 |       0 |   0.0 |      25 |       0 |   0.0
        D:3 |      37 |       0 |   0.0 |       5 |       0 |   0.0
            +---------+---------+-------+---------+---------+-------
